[Event "*** SCC Grand Prix: Titled Tuesday Blitz"]
[Site "Chess.com"]
[Date "2020.07.07"]
[Round "10"]
[White "KaspMagAlpha"]
[Black "Nafania1"]
[Result "0-1"]
[WhiteElo "2241"]
[BlackElo "2434"]
[TimeControl "180+1"]
[EndTime "11:58:41 PDT"]
[Termination "Nafania1 won by checkmate"]

1. d4 Nf6 2. c4 e6 3. g3 Bb4+ 4. Bd2 a5 5. Bg2 d5 6. Nf3 O-O 7. O-O Be7 8. Bf4 c6 9. Ne5 Nbd7 10. Nd2 Nxe5 11. Bxe5 b6 12. e4 Ba6 13. b3 Nd7 14. Bf4 dxc4 15. bxc4 Bb4 16. Rc1 Re8 17. e5 Rc8 18. Ne4 h6 19. Qh5 f5 20. exf6 Nxf6 21. Nxf6+ Qxf6 22. Be5 Qf7 23. Qg4 Red8 24. Be4 Bd6 25. Bg6 Qe7 26. Rfe1 Bxe5 27. Rxe5 Rd6 28.
c5 bxc5 29. dxc5 Rd5 30. Rxe6 Qf8 31. Rce1 Rg5 32. Qe4 Bb5 33. h4 Rxc5 34. Qg4 Bc4 35. Re8 Rxe8 36. Rxe8 Qxe8 37. Bxe8 Bd5 38. Qf4 Rc4 39.
Qd2 Rb4 40. Bg6 Rg4 41. h5 Ra4 42. Kh2 Rxa2 43. Qe3 Kh8 44. Qe8+ Bg8 45. Bf7 Rxf2+ 46. Kh3 Rxf7 47. Qxc6 Rf6 48. Qc5 Be6+ 49. g4 Rf3+ 50.
Kg2 Bxg4 51. Qxa5 Rf5 52. Qd8+ Kh7 53. Qd3 g6 54. hxg6+ Kxg6 55. Kg3 h5 56. Qd6+ Kg5 57. Qd3 Kg6 58. Qd6+ Kg5 59. Qd3 h4+ 60. Kg2 h3+ 61. Qxh3 Bxh3+ 62. Kxh3 Kf4 63. Kh2 Kf3 64. Kg1 Kg3 65.
Kh1 Rf1# 0-1

[Event "*** SCC Grand Prix: Titled Tuesday Blitz"]
[Site "Chess.com"]
[Date "2020.07.07"]
[Round "10"]
[White "Supernotar"]
[Black "ShahMatKanal"]
[Result "1-0"]
[WhiteElo "2780"]
[BlackElo "2485"]
[TimeControl "180+1"]
[EndTime "11:58:42 PDT"]
[Termination "Supernotar won on time"]

1. d4 d5 2. c4 e6 3. Nf3 Nf6 4. e3 Be7 5. Nbd2 O-O 6. Bd3 c5 7. dxc5 Bxc5 8. a3 a6 9. b4 Be7 10. Bb2 Nbd7 11. O-O b6 12. Rc1 Bb7 13. Qe2 dxc4 14.
Nxc4 b5 15. Na5 Bxf3 16. Qxf3 Ne5 17. Bxh7+ Kxh7 18. Bxe5 Qd3 19. Nc6 Bd8 20. Rc3 Qe4 21. Qh3+ Kg8 22. Rd1 Qg4 23. Qxg4 Nxg4 24. Bd6 Re8 25.
f3 Nf6 26. Nxd8 Rexd8 27. Rcd3 Nd5 28. Bc5 Rdc8 29. e4 Nf4 30. R3d2 a5 31. g3 Ng6 32. f4 axb4 33. axb4 Ra3 34. Rd8+ Rxd8 35. Rxd8+ Kh7 36. Rd7 f6 37. Rb7 Ra1+ 38. Kg2 Ra2+ 39.
Kh3 Ra3 40. Kg4 Ra2 41. h4 Ra3 42. h5 Nh8 43. Bf8 f5+ 44. exf5 exf5+ 45. Kh4 Kg8 46. Bxg7 Nf7 47. h6 Ra2 48. Kh3 1-0

[Event "*** SCC Grand Prix: Titled Tuesday Blitz"]
[Site "Chess.com"]
[Date "2020.07.07"]
[Round "10"]
[White "dennisodessa"]
[Black "hectorfiori"]
[Result "1-0"]
[WhiteElo "2438"]
[BlackElo "2322"]
[TimeControl "180+1"]
[EndTime "11:58:42 PDT"]
[Termination "dennisodessa won by resignation"]

1. c4 e5 2. g3 Nc6 3. Bg2 Bc5 4.
Nc3 d6 5. e3 a6 6. Nge2 Nge7 7.
d4 exd4 8. Nxd4 O-O 9. O-O Rb8 10. b3 Ba7 11. Bb2 Nxd4 12. exd4 b5 13. cxb5 axb5 14.
Qd2 b4 15. Ne2 Nf5 16. Rfe1 Qf6 17. d5 Qh6 18. Qxh6 Nxh6 19. Nd4 Ba6 20. Nc6 Ra8 21. Nxb4 Ng4 22. Re7 Bxf2+ 23. Kh1 Bc5 24. Nxa6 Rxa6 25. h3 Nf2+ 26. Kh2 Nd3 27. Bc3 h6 28. Bf1 Rfa8 29.
Bxd3 Kf8 30. Bxa6 Kxe7 31. Bc4 g5 32. a4 f5 33. Re1+ Kf7 34. Bd3 f4 35. gxf4 gxf4 36. Bd2 f3 37. Rf1 f2 38. Be1 Rb8 39. Bxf2 Bxf2 40.
Rxf2+ Ke7 41. Bc4 Rb4 42. a5 Rb8 43. a6 Ra8 44. Ra2 Ra7 45. Bb5 Kf6 46. Bc6 Ke5 47. Bb7 Kd4 48. Rc2 1-0

[Event "*** SCC Grand Prix: Titled Tuesday Blitz"]
[Site "Chess.com"]
[Date "2020.07.07"]
[Round "10"]
[White "TheLawAdv"]
[Black "Konek-Gorbunok"]
[Result "1-0"]
[WhiteElo "2090"]
[BlackElo "2260"]
[TimeControl "180+1"]
[EndTime "11:58:42 PDT"]
[Termination "TheLawAdv won on time"]

1. e4 c5 2. Nc3 a6 3. g3 Nc6 4.
Bg2 d6 5. d3 e6 6. Be3 Nf6 7. h3 Be7 8. f4 d5 9. Bf2 dxe4 10. Nxe4 Nxe4 11. Bxe4 Qc7 12. Nf3 Bd7 13. Nd2 Nd4 14. c3 Nb5 15. Qf3 Nd6 16. O-O Nxe4 17. dxe4 Bc6 18. Nb3 b6 19. Rfe1 O-O 20. Qe2 Rfd8 21. Rad1 Qb7 22. Rxd8+ Rxd8 23. Nd2 Qd7 24. Nf3 Qd3 25. Ne5 Qxe2 26. Rxe2 Bb7 27. Nc4 b5 28. Na5 Ba8 29. a3 Rd1+ 30. Kh2 f5 31.
Re1 Rd2 32. Kg1 Bxe4 33. b4 c4 34. a4 Kf7 35. axb5 axb5 36. g4 Rc2 37. Bd4 Rg2+ 38.
Kf1 fxg4 39. Rxe4 gxh3 40. Re3 Rg4 41. Rxh3 Rxf4+ 42. Kg2 h6 43. Nc6 Bf6 44. Rf3 1-0

[Event "*** SCC Grand Prix: Titled Tuesday Blitz"]
[Site "Chess.com"]
[Date "2020.07.07"]
[Round "10"]
[White "FedaMaster"]
[Black "Natalya_Buksa"]
[Result "1-0"]
[WhiteElo "2454"]
[BlackElo "2545"]
[TimeControl "180+1"]
[EndTime "11:58:43 PDT"]
[Termination "FedaMaster won by checkmate"]

1. e4 c5 2. d4 cxd4 3. c3 d3 4. Bxd3 Nc6 5. c4 Ne5 6. Be2 d6 7. Nc3 Nf6 8. Bf4 Nc6 9. Nf3 g6 10. e5 dxe5 11. Qxd8+ Nxd8 12. Bxe5 Bg7 13. Nd5 Ne6 14.
Nxf6+ Bxf6 15. Bxf6 exf6 16. O-O-O Bd7 17. Rhe1 O-O-O 18. Nd4 Nxd4 19. Rxd4 Bc6 20. Rxd8+ Rxd8 21. Bf1 h5 22. Re7 Rd7 23. Rxd7 Kxd7 24. Kd2 g5 25. Ke3 Ke6 26. g3 f5 27. f4 f6 28. b4 b6 29.
h4 g4 30. Kd4 Bf3 31. Bd3 Bg2 32. Bc2 Bc6 33. Bb3 Be8 34. c5+ Ke7 35. cxb6 axb6 36.
a4 Kd6 37. a5 bxa5 38. bxa5 Bg6 39. Bd5 Be8 40. a6 Kc7 41. a7 Bc6 42. Bxc6 Kxc6 43.
a8=Q+ Kd6 44. Qe8 Kc7 45. Qe6 Kd8 46. Qxf6+ Ke8 47. Qxf5 Ke7 48. Qxh5 Kf6 49. Qg5+ Kf7 50. h5 Kf8 51. Qg6 Ke7 52. Ke5 Kd7 53. Qd6+ Kc8 54. Qe7 Kb8 55. h6 Ka8 56. h7 Kb8 57. h8=Q# 1-0

[Event "*** SCC Grand Prix: Titled Tuesday Blitz"]
[Site "Chess.com"]
[Date "2020.07.07"]
[Round "10"]
[White "bugsbunny444"]
[Black "DishonorOnYourCow"]
[Result "1-0"]
[WhiteElo "2487"]
[BlackElo "2345"]
[TimeControl "180+1"]
[EndTime "11:58:43 PDT"]
[Termination "bugsbunny444 won on time"]

1. Nf3 d5 2. c4 c6 3. g3 Nf6 4. Bg2 g6 5. Qa4 Bg7 6. cxd5 Nxd5 7. d4 O-O 8. O-O Nd7 9. Rd1 N7f6 10. Nc3 Nxc3 11.
bxc3 Bf5 12. Ne5 Nd7 13. e4 Be6 14. Nxd7 Qxd7 15. Rb1 h5 16. Bg5 Rfe8 17. d5 cxd5 18. Qxd7 Bxd7 19. Rxb7 Bg4 20. Rxd5 Bxc3 21. Bxe7 Bc8 22.
Rc7 Be6 23. Rb5 a6 24. Rbb7 Be5 25. Rc2 Rab8 26. Rxb8 Rxb8 27. h3 Rb1+ 28. Kh2 Ra1 29. f4 Bg7 30. a3 Bb3 31. Rc8+ Kh7 32. e5 Ra2 33. Kg1 Ra1+ 34. Kf2 Ra2+ 35. Kf1 Ra1+ 36. Kf2 Ra2+ 37. Kg1 Ra1+ 38. Bf1 Ba4 39. Kf2 Ra2+ 40. Ke3 Ra1 41. Bxa6 Bd7 42. Rc7 Bxh3 43. Bc4 Bf5 44. Bf6 Re1+ 45. Kf2 1-0

[Event "*** SCC Grand Prix: Titled Tuesday Blitz"]
[Site "Chess.com"]
[Date "2020.07.07"]
[Round "10"]
[White "ThePatrick27"]
[Black "tlomigtlis"]
[Result "1-0"]
[WhiteElo "2507"]
[BlackElo "2361"]
[TimeControl "180+1"]
[EndTime "11:58:43 PDT"]
[Termination "ThePatrick27 won by checkmate"]

1. d4 d5 2. c4 c6 3. Nc3 Nf6 4. Nf3 e6 5. cxd5 exd5 6. Bg5 h6 7. Bh4 Bf5 8. Qb3 Qb6 9. Qxb6 axb6 10. Bxf6 gxf6 11. e3 Nd7 12. Kd2 Bd6 13. Nh4 Bg6 14.
Bd3 Nf8 15. g3 Kd7 16. Rhc1 Rg8 17. a3 Ne6 18. f4 Nc7 19. Nf5 Rae8 20. Nxh6 Rh8 21.
Ng4 Ke6 22. Bxg6 fxg6 23. h4 g5 24. hxg5 fxg5 25. Rh1 gxf4 26. gxf4 Reg8 27. Rxh8 Rxh8 28. Rf1 Kf5 29. Nf2 Rh2 30. Ke2 Ne6 31. Rg1 Rh8 32. Nb1 c5 33. dxc5 bxc5 34. Rh1 Rxh1 35. Nxh1 d4 36.
Kf3 dxe3 37. Ng3+ Kf6 38. Ne4+ Ke7 39. Nxd6 Kxd6 40. Kxe3 Nd4 41. Nc3 Nf5+ 42. Ke4 Ng3+ 43. Kf3 Nf5 44. Kg4 Ne3+ 45. Kg5 Kc6 46. f5 Kd6 47. f6 Kd7 48. Kg6 Ke8 49. Ne4 b6 50.
Nd6+ Kf8 51. Nf5 Nc4 52. Ng7 Ne5+ 53. Kf5 Nc4 54. Ne6+ Kf7 55. Ng5+ Kf8 56. Ke6 Nxb2 57. Nh7+ Kg8 58. f7+ Kxh7 59. f8=Q Kg6 60. Qf6+ Kh5 61. Qxb2 Kg4 62. Qxb6 Kf4 63. Qxc5 Ke4 64. a4 Kd3 65. a5 Ke2 66. a6 Kd3 67. a7 Ke2 68. a8=Q Kd3 69. Qaa3+ Ke2 70. Qce3+ Kd1 71. Qac1# 1-0

[Event "*** SCC Grand Prix: Titled Tuesday Blitz"]
[Site "Chess.com"]
[Date "2020.07.07"]
[Round "10"]
[White "kidagent"]
[Black "sewin16"]
[Result "0-1"]
[WhiteElo "2228"]
[BlackElo "2402"]
[TimeControl "180+1"]
[EndTime "11:58:44 PDT"]
[Termination "sewin16 won on time"]

1. e4 e5 2. Nf3 Nc6 3. Bb5 Nge7 4. c3 a6 5. Ba4 g6 6. O-O Bg7 7. d4 exd4 8. cxd4 O-O 9. Nc3 b5 10. Bb3 Na5 11. Bc2 d6 12. h3 Bb7 13. Bg5 h6 14.
Be3 Nc4 15. Bc1 c5 16. b3 Nb6 17. Bb2 b4 18. Ne2 c4 19. bxc4 Nxc4 20. Bc1 a5 21. Ng3 Rc8 22. Bb3 Ba6 23. Re1 Nb6 24. a4 Qd7 25.
Ra2 Bc4 26. Bxc4 Rxc4 27. Be3 Rc3 28. Ne2 Rcc8 29. Qb3 Nc4 30. Bc1 Qe6 31. Nf4 Qd7 32.
e5 dxe5 33. dxe5 Nxe5 34. Nxe5 Bxe5 35. Rxe5 Rxc1+ 36. Kh2 Qd6 37. Rae2 Nc6 38. R5e4 Rc3 39. Qd5 Qxd5 40. Nxd5 Ra3 41. Nb6 Rb8 42. Re8+ Rxe8 43. Rxe8+ Kg7 44. Rc8 Ne5 45. Ra8 Nc6 46. Rc8 Nd4 47. Rc5 b3 48. Nc4 Rxa4 49. Nb2 Ra2 50. Nc4 a4 0-1

[Event "*** SCC Grand Prix: Titled Tuesday Blitz"]
[Site "Chess.com"]
[Date "2020.07.07"]
[Round "10"]
[White "FlamingPhoenix123"]
[Black "GothamChess"]
[Result "0-1"]
[WhiteElo "2416"]
[BlackElo "2577"]
[TimeControl "180+1"]
[EndTime "11:58:46 PDT"]
[Termination "GothamChess won by checkmate"]

1. e4 e6 2. d4 b6 3. Nc3 Bb7 4. Nf3 Bb4 5. Bd3 Nf6 6. Qe2 d5 7.
e5 Ne4 8. O-O Nxc3 9. bxc3 Bxc3 10. Rb1 Nc6 11. Qe3 Ba5 12. Ba3 Qd7 13. Qg5 h6 14. Qxg7 O-O-O 15. Qf6 Rhg8 16. g3 Bc3 17. Bb2 Bb4 18. c3 Be7 19. Qf4 Rg7 20. Qxh6 Rdg8 21.
Bh7 Bf8 22. Bxg8 Rxg3+ 23. hxg3 Bxh6 24. Kg2 Qe8 25. Rh1 Qxg8 26. Rxh6 Ba6 27. Rbh1 Kb7 28. R1h4 Bd3 29. Bc1 Be4 30. Rf6 Ne7 31. Rff4 Ng6 32. Rxe4 dxe4 33. Rxe4 Qe8 34. Re1 Qa4 35. Ng5 Qc6+ 36.
Ne4 Qc4 37. Bd2 Qxa2 38. Bg5 a5 39. Bf6 a4 40. Ng5 a3 41. Nxf7 Qc4 42. Ng5 Qxc3 43. Re2 Qb3 44. d5 a2 45. dxe6 a1=Q 46. e7 Qd5+ 47. f3 Nxe7 48. Bxe7 Qdd1 49. Kf2 Qg1# 0-1

[Event "*** SCC Grand Prix: Titled Tuesday Blitz"]
[Site "Chess.com"]
[Date "2020.07.07"]
[Round "10"]
[White "Orest_Vovk"]
[Black "margarita_2703"]
[Result "1-0"]
[WhiteElo "2526"]
[BlackElo "2391"]
[TimeControl "180+1"]
[EndTime "11:58:47 PDT"]
[Termination "Orest_Vovk won by resignation"]

1. h4 e5 2. h5 h6 3. Nc3 d5 4. e4 d4 5. Nce2 c5 6. Ng3 Nc6 7. Bc4 Na5 8. Bb5+ Bd7 9. Qe2 a6 10.
Bxd7+ Qxd7 11. Nf3 Bd6 12. Nf5 Kf8 13. d3 Ne7 14.
Nxd6 Qxd6 15. g4 Nac6 16. Nh4 Re8 17. O-O g6 18. f4 gxh5 19. Nf5 Nxf5 20. gxf5 Rg8+ 21.
Kh1 Rg4 22. Qh2 h4 23. Rg1 Rxg1+ 24. Kxg1 Qf6 25. Kf2 exf4 26. Bxf4 Ne5 27. Rg1 h5 28. Bxe5 Rxe5 29. Qf4 h3 30. Qg5 Ke7 31. Qxh5 c4 32.
Qxh3 cxd3 33. cxd3 Rb5 34. b3 Ra5 35. a4 b5 36. Qg3 bxa4 37. Qc7+ Kf8 38. Qxa5 Qh4+ 39. Rg3 Qh2+ 40. Kf3 Qh1+ 41. Kf4 Qh4+ 42. Rg4 Qh2+ 43.
Kg5 Qd6 44. e5 Qe7+ 45. Kf4 f6 46. bxa4 Qe8 47. Qd5 fxe5+ 48. Qxe5 Qd7 49. Qg7+ Qxg7 50. Rxg7 Kxg7 51. Ke5 Kf7 52. Kxd4 Kf6 53. Kc5 Kxf5 54. Kb6 1-0

[Event "*** SCC Grand Prix: Titled Tuesday Blitz"]
[Site "Chess.com"]
[Date "2020.07.07"]
[Round "10"]
[White "Region_07"]
[Black "Makswolf200817"]
[Result "1-0"]
[WhiteElo "2376"]
[BlackElo "2477"]
[TimeControl "180+1"]
[EndTime "11:58:48 PDT"]
[Termination "Region_07 won by resignation"]

1. d4 d5 2. Bg5 h6 3. Bh4 Nf6 4. Bxf6 exf6 5. e3 Bd6 6. c4 c6 7. cxd5 cxd5 8. Nc3 Qa5 9. g3 Nc6 10. Bg2 Be6 11. Ne2 O-O 12. O-O Rfd8 13. Qb3 Ne7 14.
Rac1 a6 15. a3 Rac8 16. Rc2 Bf5 17. Rcc1 Bd3 18. Rfd1 Bc4 19. Qc2 Bxa3 20. Ra1 Bxe2 21. Qxe2 Rxc3 22. bxc3 Qxc3 23. Rdb1 b5 24. Qa2 b4 25. Qe2 a5 26. Qa6 Nc6 27. Qb5 Rc8 28. Bxd5 Ne7 29. Bg2 Qd2 30. Qxa5 Rc2 31. Rf1 Ng6 32.
Qd8+ Kh7 33. h4 h5 34. Qd5 Kh6 35. Qf5 Bb2 36. Be4 Bxa1 37. Bxc2 Bc3 38. Kg2 Qe2 39. Bb3 Nh8 40. Qf4+ Kh7 41. Qf3 Qd3 42. Qf4 Kg8 43.
Rc1 Kh7 44. Bc2 Qxc2 45. Rxc2 Ng6 46. Qf5 Kh6 47. Rxc3 bxc3 48. d5 Ne7 49. Qd3 Nc8 50. Qxc3 Nd6 51. Qc6 Nf5 52. d6 g5 53. d7 1-0

[Event "*** SCC Grand Prix: Titled Tuesday Blitz"]
[Site "Chess.com"]
[Date "2020.07.07"]
[Round "10"]
[White "pastouche06"]
[Black "OK97"]
[Result "0-1"]
[WhiteElo "2531"]
[BlackElo "2770"]
[TimeControl "180+1"]
[EndTime "11:58:49 PDT"]
[Termination "OK97 won on time"]

1. d4 Nf6 2. c4 e6 3. Nc3 Bb4 4. Qc2 d5 5. a3 Bxc3+ 6. Qxc3 Ne4 7. Qc2 c5 8. dxc5 Nc6 9. e3 Qa5+ 10. Bd2 Qxc5 11. Rc1 Nxd2 12. Qxd2 dxc4 13. Bxc4 Qg5 14. f4 Qh4+ 15. g3 Qe7 16. Nf3 O-O 17. O-O Bd7 18.
Rfd1 Rfd8 19. Qd6 Qf6 20. Ne5 Nxe5 21. Qxe5 Qxe5 22. fxe5 Bc6 23. Kf2 Kf8 24. Rd6 Ke7 25. Rcd1 Rdc8 26. Bb3 Be8 27. Kf3 Rc5 28. Kf4 h6 29. h4 Rac8 30. R6d4 a5 31. Ba4 b5 32. Bb3 a4 33. Ba2 Bc6 34. Bb1 Bd5 35. Be4 g5+ 36.
hxg5 hxg5+ 37. Kxg5 Bxe4 0-1

[Event "*** SCC Grand Prix: Titled Tuesday Blitz"]
[Site "Chess.com"]
[Date "2020.07.07"]
[Round "10"]
[White "Mikhal867"]
[Black "GEKKESPONS"]
[Result "0-1"]
[WhiteElo "2362"]
[BlackElo "2529"]
[TimeControl "180+1"]
[EndTime "11:58:49 PDT"]
[Termination "GEKKESPONS won on time"]

1. e4 e6 2. d4 d5 3. e5 c5 4. Qg4 cxd4 5. Bd3 Nc6 6. Nf3 Nge7 7. h4 Ng6 8. Bf4 Nxf4 9. Qxf4 Qc7 10. O-O Be7 11. Re1 O-O 12. h5 h6 13. Nbd2 f5 14. a3 Bd7 15. Nb3 Be8 16. Nbxd4 Nxd4 17. Nxd4 Qb6 18. Nb3 Bxh5 19. Be2 Bxe2 20. Rxe2 Rac8 21. Qd4 Qa6 22. Re3 Rc4 23. Qd3 Rfc8 24. c3 Qb6 25.
Nd4 Bc5 26. Rg3 Bxd4 27. cxd4 Qxd4 28. Qb3 Rc1+ 29. Rxc1 Rxc1+ 30. Kh2 Qxf2 31. Rf3 Qh4+ 32. Rh3 Qf4+ 33. Rg3 Qxe5 34. Qxb7 Rc4 35. Kh3 Qf6 36. Kh2 Rh4+ 37. Rh3 Qe5+ 38. Kg1 Rxh3 39. gxh3 Qg3+ 40. Kf1 Qxh3+ 41. Ke2 Qg2+ 42. Kd3 Qe4+ 43. Kc3 Qc4+ 44. Kd2 Qd4+ 45. Kc2 h5 46. Qc8+ Kh7 47. Qe8 Qe4+ 48. Kc3 Kh6 49. Qh8+ Kg6 50. Qe8+ Kg5 51. Qe7+ Kf4 52. Qh4+ Ke5 53. Qxh5 Qd4+ 0-1

[Event "*** SCC Grand Prix: Titled Tuesday Blitz"]
[Site "Chess.com"]
[Date "2020.07.07"]
[Round "10"]
[White "sm_sharon"]
[Black "chessfrendz"]
[Result "1/2-1/2"]
[WhiteElo "2177"]
[BlackElo "2292"]
[TimeControl "180+1"]
[EndTime "11:58:49 PDT"]
[Termination "Game drawn - insufficient material"]

1. d4 d5 2. Bf4 Nf6 3. e3 g6 4. Nf3 Bg7 5. Bd3 O-O 6. O-O c5 7. c3 b6 8. h3 Ba6 9. Re1 Bxd3 10. Qxd3 Nc6 11. Ne5 Nxe5 12. Bxe5 e6 13. Nd2 Re8 14.
Rad1 c4 15. Qc2 b5 16. a3 a5 17. e4 dxe4 18. Nxe4 Nxe4 19. Qxe4 Qd5 20. Qxd5 exd5 21.
Bxg7 Kxg7 22. Rxe8 Rxe8 23. Kf1 b4 24. axb4 axb4 25.
Re1 Rb8 26. Re5 bxc3 27. bxc3 Rb5 28. Ke2 h5 29. g4 hxg4 30. hxg4 f6 31. Re7+ Kh6 32.
f4 Rb3 33. Re3 g5 34. f5 Kg7 35. Kd1 Kf7 36. Kc2 Rb6 37. Re1 Ra6 38. Kb2 Ra8 39. Ra1 Rb8+ 40. Kc2 Rb7 41. Ra6 Re7 42. Rd6 Re2+ 43.
Kd1 Re3 44. Kd2 Rd3+ 45. Kc2 Rg3 46. Rxd5 Rxg4 47. Rc5 Rg2+ 48. Kd1 g4 49. Rxc4 g3 50. Rc7+ Kf8 51. Ke1 Rf2 52. Rc8+ Kg7 53. Rc7+ Kh6 54.
Rc8 Kg5 55. Rg8+ Kf4 56. Rg6 Kf3 57. Rxf6 g2 58. Rg6 Rf1+ 59. Kd2 g1=Q 60. Rxg1 Rxg1 61.
Kd3 Rd1+ 62. Kc4 Ke4 63. Kc5 Rd3 64. f6 Rxc3+ 65. Kd6 Kxd4 66. f7 Rf3 67. Ke7 Ke5 68.
f8=Q Rxf8 69. Kxf8 1/2-1/2

[Event "*** SCC Grand Prix: Titled Tuesday Blitz"]
[Site "Chess.com"]
[Date "2020.07.07"]
[Round "10"]
[White "Joseacorrea"]
[Black "Grandmaster2B"]
[Result "0-1"]
[WhiteElo "1929"]
[BlackElo "2423"]
[TimeControl "180+1"]
[EndTime "11:58:49 PDT"]
[Termination "Grandmaster2B won by resignation"]

1. c4 Nf6 2. Nc3 e6 3. Nf3 c5 4. g3 Nc6 5. Bg2 Be7 6. O-O O-O 7. d4 d5 8. cxd5 Nxd5 9. e4 Nxc3 10. bxc3 cxd4 11.
cxd4 Bf6 12. Be3 b6 13. Rc1 Bb7 14. Qa4 Na5 15. Nd2 Rc8 16. f4 Bc6 17. Qd1 Bxd4 18.
Bxd4 Qxd4+ 19. Kh1 Bb5 20. Re1 Rcd8 21. Nb3 Qf2 22. Qf3 Qxa2 23. Nxa5 Qxa5 24. Ra1 Ba4 25. Qa3 b5 26. Qc5 Rc8 27. Qe3 Rc3 28. Qd4 Rc4 29. Qd6 Qc7 30. Qxc7 Rxc7 31. Rec1 Rfc8 32. Rxc7 Rxc7 33.
Bh3 a6 34. f5 exf5 35. Bxf5 Ra7 36. Rc1 g6 37. Bh3 Bb3 38. e5 Bc4 39. Kg1 a5 40. Bg2 a4 41. Bc6 a3 42. Ra1 a2 43. Kf2 b4 44.
Ke3 b3 45. Kd4 b2 46. Re1 b1=Q 47. Rxb1 axb1=Q 48. Kxc4 Rc7 49. Kd5 Qd3+ 50. Kc5 Qc3+ 51.
Kb5 Qxc6+ 52. Kb4 Rb7+ 0-1

[Event "*** SCC Grand Prix: Titled Tuesday Blitz"]
[Site "Chess.com"]
[Date "2020.07.07"]
[Round "10"]
[White "Shuvalov"]
[Black "Ati1517"]
[Result "1-0"]
[WhiteElo "2504"]
[BlackElo "2359"]
[TimeControl "180+1"]
[EndTime "11:58:50 PDT"]
[Termination "Shuvalov won by resignation"]

1. Nf3 d5 2. c4 d4 3. b4 c5 4. g3 cxb4 5. a3 bxa3 6. Bxa3 Nc6 7. Bg2 e5 8. Bxf8 Kxf8 9. d3 g6 10. O-O Kg7 11. Nbd2 Nf6 12. Qa4 a5 13. Rfb1 Qe7 14.
Qb5 Re8 15. Nb3 Bd7 16. Nc5 Reb8 17. Nxb7 e4 18. Ng5 Nb4 19. Qc5 Qxc5 20. Nxc5 Bc6 21. Ngxe4 Nxe4 22. Bxe4 Bxe4 23. Nxe4 Nc6 24. Rxb8 Rxb8 25.
Nd6 Rb2 26. Kf1 Kf6 27. Nb5 Ke6 28. h4 h5 29. e3 dxe3 30. Re1 a4 31. Rxe3+ Kd7 32.
d4 Rb3 33. d5 Nb4 34. Ke2 Rb2+ 35. Kf3 Rd2 36. Rc3 f5 37. Ke3 Ra2 38. f4 Nc2+ 39. Kd3 Nb4+ 40. Kd4 Rd2+ 41. Kc5 Nd3+ 42. Kb6 Rb2 43.
Rxd3 Kd8 44. Ra3 Rb4 45. c5 Rb3 46. Rxa4 1-0

[Event "*** SCC Grand Prix: Titled Tuesday Blitz"]
[Site "Chess.com"]
[Date "2020.07.07"]
[Round "10"]
[White "GregShahade"]
[Black "UCantHandleDenker"]
[Result "1-0"]
[WhiteElo "2673"]
[BlackElo "2538"]
[TimeControl "180+1"]
[EndTime "11:58:52 PDT"]
[Termination "GregShahade won on time"]

1. e4 d6 2. d4 Nf6 3. Nc3 g6 4. Be3 Bg7 5. Qd2 c6 6. O-O-O O-O 7. f3 b5 8. Bh6 Qa5 9. Kb1 Be6 10. a3 Bxh6 11. Qxh6 b4 12. d5 bxc3 13. dxe6 fxe6 14. Bc4 d5 15. Bb3 Nbd7 16. Ne2 cxb2 17. Kxb2 Rab8 18.
Qd2 Qxd2 19. Rxd2 c5 20. exd5 exd5 21. Kc1 c4 22. Ba2 Nc5 23. Nc3 e6 24. Re1 Rfd8 25.
g4 Kg7 26. Ne2 e5 27. Red1 Rf8 28. g5 Nh5 29. Rxd5 Ne6 30. Bxc4 Nef4 31. Rd7+ Kh8 32. Nxf4 Nxf4 33. Rxa7 Rbd8 34. Rdd7 Rxd7 35. Rxd7 Nh3 36. a4 Nxg5 37. a5 Nxf3 38. a6 Nd4 39. a7 Nc6 40. Bd5 Nxa7 41. Rxa7 Rd8 42. c4 Rc8 43. Re7 g5 44.
Rxe5 h6 45. Re7 Rd8 46. Kd2 h5 47. Ke3 g4 48. Kf4 h4 49. Kxg4 h3 50. Kxh3 Rf8 51.
Kg3 Rd8 52. Re5 Rd7 53. Kf4 Kg7 54. Rf5 Kh6 55. Rf6+ Kh5 56. Bf3+ 1-0

[Event "*** SCC Grand Prix: Titled Tuesday Blitz"]
[Site "Chess.com"]
[Date "2020.07.07"]
[Round "10"]
[White "ChessWarrior7197"]
[Black "Gusarov91"]
[Result "0-1"]
[WhiteElo "2853"]
[BlackElo "2660"]
[TimeControl "180+1"]
[EndTime "11:58:54 PDT"]
[Termination "Gusarov91 won on time"]

1. e4 c6 2. d3 d5 3. Nd2 dxe4 4. dxe4 e5 5. Ngf3 Bg4 6. h3 Bxf3 7. Qxf3 Nf6 8. a4 Bc5 9. Bc4 O-O 10. O-O Nbd7 11.
Nb3 Bb6 12. a5 Bc7 13. Be3 Qe7 14. Rfd1 Rfd8 15. Rd2 Qb4 16. Bd3 b6 17. Ra3 Qe7 18. Rd1 Bd6 19. Ra2 Nc5 20. axb6 axb6 21. Rda1 Rxa2 22.
Rxa2 Nxb3 23. cxb3 Bc5 24. Bg5 h6 25. Bh4 Qd6 26. Bc4 b5 27. Be2 Bd4 28. Ra6 Rb8 29.
Bxf6 Qxf6 30. Qxf6 gxf6 31. Rxc6 Kg7 32. Rc7 Bxb2 33. Bh5 Rf8 34. Rb7 b4 35. Rxb4 f5 36.
exf5 Kf6 37. Rb7 e4 38. Kf1 Bd4 39. Ke2 Ra8 40. Rxf7+ Kg5 41. Bg6 Ra2+ 42. Kd1 Ra1+ 43. Kc2 Ra2+ 44. Kb1 Ra1+ 45. Kc2 Ra2+ 46. Kc1 Rxf2 47.
Re7 e3 48. g4 Bc3 49. Kd1 Bd2 0-1

[Event "*** SCC Grand Prix: Titled Tuesday Blitz"]
[Site "Chess.com"]
[Date "2020.07.07"]
[Round "10"]
[White "Sueetin"]
[Black "Sanyura"]
[Result "1-0"]
[WhiteElo "2335"]
[BlackElo "2487"]
[TimeControl "180+1"]
[EndTime "11:58:58 PDT"]
[Termination "Sueetin won by checkmate"]

1. d4 Nf6 2. c4 g6 3. Nc3 Bg7 4. Nf3 d6 5. e4 O-O 6. Be2 e5 7.
d5 a5 8. Bg5 Na6 9. Nd2 Nc5 10.
O-O h6 11. Bh4 g5 12. Bg3 Nh7 13. f3 f5 14. Qc2 f4 15. Bf2 b6 16. b3 h5 17. Kh1 g4 18. a3 Qg5 19. b4 axb4 20. axb4 Rxa1 21. Rxa1 Na6 22. Qb3 g3 23. Bg1 gxh2 24. Bf2 h4 25. c5 bxc5 26. Bxa6 h3 27. gxh3 Bxh3 28. Bf1 Bxf1 29. Nxf1 Nf6 30. bxc5 Nh5 31.
Ne2 dxc5 32. d6+ Kh7 33. dxc7 c4 34. Qb7 Ng3+ 35. Bxg3 fxg3 36. Nexg3 Qf4 37. Ra3 Qc1 38. Re3 Qc2 39. c8=Q Rxc8 40. Qxc8 Qf2 41. Qf5+ Kg8 42. Qe6+ Kf8 43. Qf5+ Kg8 44. Qe6+ Kf8 45. Nxh2 Qxe3 46. Qf5+ Kg8 47. Kg2 Qd2+ 48. Kh3 c3 49. Ng4 c2 50. Qe6+ Kf8 51. Nf5 Qd8 52. Nd6 Qe7 53. Qc8+ Qe8 54.
Qxe8# 1-0

[Event "*** SCC Grand Prix: Titled Tuesday Blitz"]
[Site "Chess.com"]
[Date "2020.07.07"]
[Round "10"]
[White "barbara25"]
[Black "yamalchess"]
[Result "0-1"]
[WhiteElo "2320"]
[BlackElo "2438"]
[TimeControl "180+1"]
[EndTime "11:58:59 PDT"]
[Termination "yamalchess won by resignation"]

1. e4 e5 2. Nf3 Nc6 3. Bc4 Nf6 4. O-O Nxe4 5. d4 exd4 6. Bd5 Nf6 7. Bxc6 dxc6 8. Qxd4 Qxd4 9. Nxd4 Bc5 10. Nb3 Bb6 11.
Re1+ Be6 12. c4 c5 13. Be3 O-O-O 14. Nxc5 Bxc4 15. Nc3 Ng4 16. N3a4 Nxe3 17. Rxe3 Rhe8 18. Nxb6+ axb6 19. Ne4 f5 20. Nc3 Rxe3 21. fxe3 Rd2 22. b3 Be6 23. Rd1 Rxd1+ 24. Nxd1 b5 25. g3 b4 26. Kf2 c5 27. Kf3 Kd7 28. Kf4 Kd6 29. Nb2 b5 30. e4 fxe4 31. Kxe4 c4 32. Kd4 cxb3 33. axb3 Bxb3 34. Nd3 Bc4 35. Nxb4 Ke6 36. Ke4 Kf6 37. Kf4 g5+ 38. Ke4 Ke6 39. h4 gxh4 40. gxh4 Kf6 41. Kf4 Kg6 42. Nc2 Bd3 43. Nb4 Bb1 44. Nc6 Kf6 45. Nb4 Ke6 46. Ke3 Ke5 47.
Kd2 Kf5 48. Nd5 Be4 49. Nc3 Bc6 50. Ne2 Kg4 51. Nd4 Bd7 52. Ke3 Kxh4 53. Kf4 b4 54. Kf3 Kg5 55. Nb3 h5 56. Kg3 h4+ 57. Kh2 Kf4 58.
Nc5 Bf5 59. Nb3 Ke3 60. Nc5 Kd4 61. Nb3+ Kc3 62. Nc5 b3 63. Na4+ Kc2 64. Kg2 b2 65. Nxb2 Kxb2 66. Kf3 Kc3 67. Kf2 Kd4 68. Kf3 Ke5 69.
Ke3 Be4 70. Kf2 Kf4 71. Kg1 Kg3 0-1

[Event "*** SCC Grand Prix: Titled Tuesday Blitz"]
[Site "Chess.com"]
[Date "2020.07.07"]
[Round "10"]
[White "AliKa2810"]
[Black "XDPS"]
[Result "1/2-1/2"]
[WhiteElo "2596"]
[BlackElo "2718"]
[TimeControl "180+1"]
[EndTime "11:59:00 PDT"]
[Termination "Game drawn by repetition"]

1. d4 d5 2. c4 c6 3. cxd5 cxd5 4. Bg5 h6 5. Bh4 Nc6 6. Nc3 Bf5 7. e3 Qd7 8. Nf3 e6 9. Bb5 Bd6 10. O-O Nge7 11. Rc1 O-O 12. Qe2 Rfc8 13. a3 a6 14. Bd3 Na5 15. Bg3 Bxg3 16. hxg3 Bxd3 17. Qxd3 Nc4 18. Rc2 Rc7 19. Rfc1 Rac8 20. Nd2 Nf5 21. Nxc4 dxc4 22. Qe2 b5 23. Ne4 Qd5 24. Nc5 e5 25.
Nxa6 Ra7 26. Nb4 Qe6 27. d5 Qd6 28. Rd1 Rc5 29. Qg4 g6 30. Qh3 h5 31. g4 hxg4 32.
Qxg4 Kg7 33. Qe4 c3 34. Rxc3 Rxc3 35. bxc3 Rxa3 36. Qd3 Qc5 37. d6 Rxc3 38. d7 Rxd3 39. Rxd3 Qxb4 40. Rd1 Qg4 41. d8=Q Nh4 42. Qd5 e4 43. g3 Nf3+ 44. Kf1 Ng5 45. Qe5+ Kh7 46. Rd8 Qh3+ 47. Ke2 Qh5+ 48. f3 Qxf3+ 49. Kd2 Qf2+ 50.
Kd1 Qf3+ 51. Kc2 Qe2+ 52. Kb1 Qe1+ 53. Kc2 Qe2+ 54. Kb1 Qe1+ 55. Kc2 Qe2+ 1/2-1/2